 Dungeon Crawl Stone Soup version 0.26.1-2-gb8aa6d0cf2 (webtiles) character file.

Game seed: 6542940072306037513

115 H0rd4k the Charlatan (level 5, 0/37 HPs)
             Began as a Human Artificer on Mar 19, 2021.
             Slain by a worker ant (7 damage)
             ... on level 3 of the Dungeon.
             The game lasted 00:04:06 (5299 turns).

H0rd4k the Charlatan (Human Artificer)              Turns: 5299, Time: 00:04:07

Health: 0/37       AC:  3    Str: 13    XL:     5   Next: 20%
Magic:  5/5        EV: 12    Int: 12    God:
Gold:   134        SH:  0    Dex: 13    Spells: 4/4 levels left

rFire    + . .     SeeInvis .   g - +0 dagger
rCold    . . .     Faith    .   (no shield)
rNeg     . . .     Spirit   .   b - +0 leather armour
rPois    .         Reflect  .   (no helmet)
rElec    .         Harm     .   (no cloak)
rCorr    .         Rampage  .   (no gloves)
Will     .....                  (no boots)
Stlth    +.........             (no amulet)
HPRegen  0.12/turn              n - ring of protection from fire
MPRegen  0.09/turn              (no ring)

@: lethally poisoned (0 -> -10)
A: no striking features
a: no special abilities


You were on level 3 of the Dungeon.
You visited 1 branch of the dungeon, and saw 4 of its levels.

You collected 134 gold pieces.

Inventory:

Hand Weapons
 a - a +0 club
 g - a +0 dagger (weapon)
Armour
 b - a +0 leather armour (worn)
Jewellery
 n - a ring of protection from fire (left hand)
Wands
 c - a wand of flame (14) (quivered)
 d - a wand of enslavement (10)
 e - a wand of random effects (8)
Scrolls
 h - 2 scrolls of fear {unknown}
 i - a scroll of blinking {unknown}
 k - 5 scrolls of identify {unknown}
 l - 2 scrolls of teleportation {unknown}
 m - 3 scrolls of remove curse {unknown}
 q - 2 scrolls of enchant weapon {unknown}
Potions
 j - a potion of lignification {unknown}
 o - a potion of cancellation {unknown}
 p - 2 potions of attraction {unknown}
 r - a potion of haste {unknown}
 s - a potion of mutation {unknown}


   Skills:
 + Level 1.2 Fighting
 + Level 1.9 Short Blades
 + Level 2.6 Armour
 + Level 2.4 Dodging
 + Level 1.3 Stealth
 + Level 3.6 Evocations


You had 4 spell levels left.
You didn't know any spells.
Your spell library was empty.

Dungeon Overview and Level Annotations

Branches:
Dungeon (4/15)
 Temple: D:4-7

Altars:
Ashenzari
Qazlal
Sif Muna
Wu Jian

Annotations:
D:3 2 transporters


Message History

Deactivating autopickup; reactivate with Ctrl-A.
You completely miss something. You barely miss something.
You hit something but do no damage. You hit something but do no damage.
You hit something. Something bites you!
You barely miss something. Something completely misses you.
You hit something but do no damage. Something bites you.
You hit something but do no damage. Something bites you.
You barely miss something. Something bites you.
You are poisoned.
Something poisons you! Something bites you.
You barely miss something.
You feel sick. Something bites you.
* * * LOW HITPOINT WARNING * * *
You are lethally poisoned!
Something poisons you!
You barely miss something.
* * * LOW HITPOINT WARNING * * *
You feel sick. Something bites you!
You die...

#####.########..##.# #### #.#
#.....# #... #.# #.##..# #.##
##+## #.##..# ####.## ### ##...##
#.....# #...... ..# ##.....##
####.## #.##.#. #.# ##)......##
##.#.#####.##.#.
..###..>B.....####.......##.##.#.
....'.........'{@................
..###.........####....##.##.##)#.
### ##.......## ##....#.##......
# ##.....## #..#.#.#####.##
##...## #......# #.# ##'##
#.##.#.# #.# #.# #......# #.#
#รท# ####.### #.#
##.############.# #.##


There were no monsters in sight!

Vanquished Creatures
  2 adders
  An ooze (D:1)
  4 dart slugs
  4 worms (D:2)
  A leopard gecko (D:1)
  An orc (D:3)
  A ball python (D:1)
  3 giant cockroaches
  9 goblins
  12 hobgoblins
  A jackal (D:1)
  A quokka (D:3)
  13 bats
  5 frilled lizards
  5 kobolds
  5 rats
68 creatures vanquished.

Vanquished Creatures (collateral kills)
  A jackal (D:1)
1 creature vanquished.

Vanquished Creatures (others)
  A jackal (D:1)
1 creature vanquished.

Grand Total: 70 creatures vanquished

Notes
Turn   | Place    | Note
-------+----------+-------------------------------------------
     0 | D:1      | H0rd4k the Human Artificer began the quest for the Orb.
     0 | D:1      | Reached XP level 1. HP: 15/15 MP: 1/1
    94 | D:1      | Reached XP level 2. HP: 19/21 MP: 2/2
   470 | D:1      | Reached XP level 3. HP: 25/26 MP: 3/3
  1689 | D:2      | Reached skill level 1 in Short Blades
  1689 | D:2      | Reached XP level 4. HP: 17/32 MP: 4/4
  2595 | D:2      | Found a broken altar of Ashenzari.
  3067 | D:2      | Found an ornate altar of the Wu Jian Council.
  4265 | D:3      | Reached XP level 5. HP: 37/37 MP: 5/5
  4558 | D:3      | Found a shimmering blue altar of Sif Muna.
  4558 | D:3      | Found a stormy altar of Qazlal.
  4566 | D:3      | Found a transporter.
  4575 | D:3      | Found a transporter.
  5299 | D:3      | Slain by a worker ant

Illustrated notes

Levels and vault maps discovered:
D:1:      eino_arrival_tree_alley, layout_basic
D:2:      layout_loops_corners, nicolae_overflow_crystal_walls,
          general_overflow_altar
D:3:      layout_loops_corners, gammafunk_temple_overflow_arena
D:4:      layout_rooms, gammafunk_ghost_smash, serial_glass, glass_columns_a,
          glass_columns_a, glass_columns_a, glass_columns_c, glass_columns_a,
          uniq_grinder

Skill      XL: |  1  2  3  4 |
---------------+-------------+-----
Short Blades   | 1 |  1.9
Dodging        | 2 |  2.4
Fighting       | |  1.2
Armour         | |  2.6
Stealth        | |  1.3
Evocations     | |  3.6

Action                   |  1- 3 |  4- 6 || total
-------------------------+-------+-------++-------
Melee: Club              |    14 |       ||    14
       Dagger            |   190 |   259 ||   449
Evoke: Wand              |     9 |    18 ||    27
  Use: Potion            |       |     1 ||     1
 Stab: Sleeping          |     1 |     1 ||     2
       Paralysed         |       |     1 ||     1
Armor: Leather armour    |    44 |    77 ||   121
Dodge: Dodged            |   118 |   188 ||   306
